Description

for learn build order zvt

VOD

https://www.youtube.com/watch?v=uxfntemoLP4

Replay - ZvT Rule of 1-gas Ling-bane Style - PiG Daily #109

Build Order

Get SALT Encoding   

  12  0:00  Drone  
  13  0:12  Overlord  
  13  0:16  Drone  
  14  0:30  Drone x2  
  14  0:33  Drone  
  17  0:51  Hatchery  
  17  0:54  Drone  
  17  0:57  Drone  
  17  1:01  Extractor  
  17  1:12  Spawning Pool  
  17  1:15  Drone  
  18  1:18  Drone  
  18  1:27  Drone  
  19  1:38  Overlord  
  20  1:58  Queen  
  20  2:00  Zergling x2  
  23  2:02  Metabolic Boost  
  23  2:03  Queen  
  23  2:05  Zergling x2  
  30  2:34  Queen  
  30  2:36  Overlord  
  38  3:07  Overlord  
  38  3:11  Overlord  
  44  3:23  Hatchery  
  43  3:27  Queen  
  47  3:34  Queen  
  59  4:03  Queen  
  64  4:12  Queen  
  67  4:35  Queen  
  76  4:39  Queen  
  76  4:43  Evolution Chamber  
  76  4:45  Evolution Chamber, Zergling x6  
  79  4:47  Queen  
  79  4:49  Zergling x2  
  79  4:50  Zergling x2  
  82  5:04  Baneling Nest  
  81  5:11  Zerg Ground Armor Level 1  
  81  5:13  Zergling x6  
  88  5:15  Zerg Melee Weapons Level 1  
  91  5:38  Extractor  
  91  5:40  Extractor  
  91  5:41  Extractor  
  94  5:45  Extractor  
  94  5:46  Extractor  
  94  5:48  Hatchery  
  96  5:53  Baneling x3  
  96  5:54  Baneling  
  96  5:55  Hatchery  
  111  6:26  Lair  
  136  7:32  Centrifical Hooks, Zerg Melee Weapons Level 2, Zerg Ground Armor Level 2  
  136  7:37  Spire  
  143  7:46  Pneumatized Carapace  
  143  7:49  Spore Crawler  
  143  7:50  Spore Crawler  
  147  7:54  Burrow  
  169  8:27  Overseer x2  
  169  8:28  Overseer  
  169  8:30  Baneling x6  
  169  8:54  Zerg Flyer Weapons Level 1  
Spawning Tool Build Advisor. Get it on Overwolf

Go to:

Details

  • Created by: zecrum
  • Published on: Feb 03, 2017
  • Modified on: Feb 03, 2017
  • Patch: 3.8.0
Show
View Real Time Build Order
Export as new Build Order

Comments (0)

There are no comments. Be the first!

Create an account to comment!